[Event "1000GM Spring IM-C 2024"]
[Site "New York"]
[Date "2024.03.28"]
[Round "1.1"]
[White "Yang, Qindong"]
[Black "Pang, Qi"]
[Result "1/2-1/2"]
[ECO "E05"]
[WhiteElo "2234"]
[BlackElo "2195"]
[Annotator "RC"]
[PlyCount "54"]
[EventDate "2024.03.26"]
[EventType "tourn"]
[EventCountry "USA"]
[SourceTitle "playchess.com"]
[Source "ChessBase"]
[SourceQuality "1"]
[TimeControl "5400+30"]

1. d4 d5 2. c4 e6 3. g3 Nf6 4. Nf3 Be7 5. Bg2 O-O 6. O-O dxc4 7. Ne5 Nc6 8. Nxc6 bxc6 9. e3 Rb8 10. Qc2 c5 11. dxc5 Bxc5 12. Rd1 Qe7 13. Nd2 Ba6 14. Nxc4 Bxc4 15. Qxc4 Rfd8 16. Rf1 Nd7 17. Qc2 Ne5 18. Bd2 Nd3 19. Bc3 Nb4 20. Bxb4 Bxb4 21. a3 Bc5 22. Rfd1 a5 23. Rac1 Bb6 24. Rxd8+ Rxd8 25. Rd1 h5 26. Rxd8+ Qxd8 27. h4 Qd6 1/2-1/2

[Event "1000GM Spring IM-C 2024"]
[Site "New York"]
[Date "2024.03.28"]
[Round "1.2"]
[White "Tanenbaum, Zachary"]
[Black "Tang, Zoey"]
[Result "1-0"]
[ECO "B30"]
[WhiteElo "2260"]
[BlackElo "2253"]
[Annotator "RC"]
[PlyCount "103"]
[EventDate "2024.03.26"]
[EventType "tourn"]
[EventCountry "USA"]
[SourceTitle "playchess.com"]
[Source "ChessBase"]
[SourceQuality "1"]
[TimeControl "5400+30"]

1. e4 c5 2. Nf3 Nc6 3. Nc3 e5 4. Bc4 d6 5. d3 Be7 6. Nd2 Bg5 7. Nf1 Bxc1 8. Rxc1 Nf6 9. Ne3 O-O 10. a3 Nd4 11. O-O Be6 12. Ncd5 b5 13. Nxf6+ Qxf6 14. Bd5 Rac8 15. c3 Nc6 16. a4 a6 17. axb5 axb5 18. Qb3 Ne7 19. Bxe6 fxe6 20. Qxb5 Rb8 21. Qa6 Rxb2 22. Ng4 Qf7 23. Qxd6 Ng6 24. h3 h5 25. Nxe5 Nxe5 26. Qxe5 Rxf2 27. Rxf2 Qxf2+ 28. Kh2 Qb2 29. Rg1 Qe2 30. Qxe6+ Kh7 31. Qd5 Rf6 32. Qxc5 h4 33. Qd5 Rg6 34. c4 Rg3 35. Qf5+ Kg8 36. Qe6+ Kh7 37. d4 Rg6 38. Qf5 Qxc4 39. d5 Qd3 40. Qf3 Qd4 41. Rd1 Qe5+ 42. Kh1 Rf6 43. Qe3 Rg6 44. Rf1 Rg3 45. Qf4 Qe7 46. d6 Qd8 47. e5 Rg6 48. Qe4 Qd7 49. Rf4 Qe6 50. Rxh4+ Kg8 51. Qa8+ Kf7 52. Rf4+ 1-0

[Event "1000GM Spring IM-C 2024"]
[Site "New York"]
[Date "2024.03.28"]
[Round "1.3"]
[White "Savanovic, Aleksandar"]
[Black "Atwell, Rose"]
[Result "1/2-1/2"]
[ECO "C42"]
[WhiteElo "2361"]
[BlackElo "2285"]
[Annotator "RC"]
[PlyCount "31"]
[EventDate "2024.03.26"]
[EventType "tourn"]
[EventCountry "USA"]
[SourceTitle "playchess.com"]
[Source "ChessBase"]
[SourceQuality "1"]
[TimeControl "5400+30"]

1. e4 e5 2. Nf3 Nf6 3. Nxe5 d6 4. Nf3 Nxe4 5. d4 d5 6. Bd3 Bd6 7. O-O O-O 8. c4 c6 9. Nc3 Nxc3 10. bxc3 dxc4 11. Bxc4 Bf5 12. Bg5 Qa5 13. Nh4 Be6 14. Bxe6 Qxg5 15. Nf3 Qa5 16. Bb3 1/2-1/2

[Event "1000GM Spring IM-C 2024"]
[Site "New York"]
[Date "2024.03.28"]
[Round "1.4"]
[White "Shundi, Matias"]
[Black "Lekic, Dusan"]
[Result "1/2-1/2"]
[ECO "B22"]
[WhiteElo "2191"]
[BlackElo "2320"]
[Annotator "RC"]
[PlyCount "110"]
[EventDate "2024.03.26"]
[EventType "tourn"]
[EventCountry "USA"]
[SourceTitle "playchess.com"]
[Source "ChessBase"]
[SourceQuality "1"]
[TimeControl "5400+30"]

1. e4 c5 2. c3 d5 3. exd5 Qxd5 4. d4 Nf6 5. Nf3 Bg4 6. dxc5 Qxd1+ 7. Kxd1 Nc6 8. Be3 Nd5 9. Bc4 Nxe3+ 10. fxe3 e6 11. h3 Bxf3+ 12. gxf3 Bxc5 13. Ke2 Ne5 14. Bb5+ Ke7 15. f4 a6 16. Bxa6 Rxa6 17. fxe5 Bb6 18. Nd2 Bc7 19. Nf3 Rha8 20. a3 Rb6 21. Ra2 g5 22. Nxg5 Rg8 23. Rg1 Bxe5 24. Nf3 Rxg1 25. Nxg1 Bg7 26. Nf3 e5 27. Nh4 e4 28. Nf5+ Kf6 29. Nxg7 Kxg7 30. b4 Rh6 31. Rd2 Rxh3 32. Rd7 Rh2+ 33. Kf1 Rc2 34. Rxb7 Rxc3 35. a4 Rxe3 36. a5 Ra3 37. Re7 Ra4 38. Rxe4 h5 39. Ke2 f5 40. Re7+ Kf6 41. Rb7 Ke5 42. Rb6 Kd4 43. a6 h4 44. b5 h3 45. Kf2 Ra2+ 46. Kg1 f4 47. Rb7 f3 48. a7 h2+ 49. Kh1 f2 50. Rf7 Kc5 51. Rf5+ Kb6 52. Rxf2 Rxa7 53. Rb2 Ra5 54. Kxh2 Rxb5 55. Rxb5+ Kxb5 1/2-1/2

[Event "1000GM Spring IM-C 2024"]
[Site "New York"]
[Date "2024.03.28"]
[Round "1.5"]
[White "Yudasin, Leonid"]
[Black "Andrews, Todd"]
[Result "1/2-1/2"]
[ECO "C00"]
[WhiteElo "2337"]
[BlackElo "2160"]
[Annotator "RC"]
[PlyCount "62"]
[EventDate "2024.03.26"]
[EventType "tourn"]
[EventCountry "USA"]
[SourceTitle "playchess.com"]
[Source "ChessBase"]
[SourceQuality "1"]
[TimeControl "5400+30"]

1. e4 e6 2. d3 d5 3. Qe2 Nf6 4. Nf3 c5 5. g3 Nc6 6. Bg2 Be7 7. O-O O-O 8. Re1 b5 9. exd5 exd5 10. d4 c4 11. Bf4 Bg4 12. c3 Re8 13. Qc2 Nh5 14. Be3 Bd6 15. Nbd2 Qd7 16. Nf1 Bf5 17. Qd1 Nf6 18. Bg5 Ne4 19. Qc1 b4 20. Ne3 bxc3 21. bxc3 h6 22. Nxf5 Qxf5 23. Be3 Rab8 24. Nd2 Nxd2 25. Qxd2 Red8 26. Qd1 a5 27. Qf3 Qxf3 28. Bxf3 Ne7 29. Rab1 Kf8 30. Kf1 a4 31. Ke2 Ke8 1/2-1/2

[Event "1000GM Spring IM-C 2024"]
[Site "New York"]
[Date "2024.03.28"]
[Round "2.1"]
[White "Pang, Qi"]
[Black "Andrews, Todd"]
[Result "1-0"]
[ECO "A26"]
[WhiteElo "2195"]
[BlackElo "2160"]
[Annotator "RC"]
[PlyCount "81"]
[EventDate "2024.03.26"]
[EventType "tourn"]
[EventCountry "USA"]
[SourceTitle "playchess.com"]
[Source "ChessBase"]
[SourceQuality "1"]
[TimeControl "5400+30"]

1. Nf3 d6 2. g3 e5 3. d3 g6 4. Bg2 Bg7 5. O-O Ne7 6. c4 Nbc6 7. Nc3 O-O 8. Bd2 h6 9. Rb1 a5 10. a3 Be6 11. b4 axb4 12. axb4 Qd7 13. Re1 f5 14. Qc2 g5 15. b5 Nd8 16. Rec1 Ng6 17. Nd5 g4 18. Ne1 f4 19. b6 c6 20. Nc7 Rc8 21. e3 Qf7 22. Bc3 f3 23. Bf1 h5 24. d4 e4 25. Bb4 Rxc7 26. bxc7 Qxc7 27. d5 Bf5 28. c5 cxd5 29. Qd2 Qf7 30. cxd6 Nc6 31. Bc5 Ra8 32. Nc2 Ra2 33. Rxb7 Bc3 34. Qd1 Qe6 35. Bd4 Ba5 36. Ra1 Rxa1 37. Qxa1 Qxd6 38. Bb5 Bc7 39. Bb6 d4 40. Rxc7 Nce7 41. Qxd4 1-0

[Event "1000GM Spring IM-C 2024"]
[Site "New York"]
[Date "2024.03.28"]
[Round "2.2"]
[White "Lekic, Dusan"]
[Black "Yudasin, Leonid"]
[Result "1/2-1/2"]
[ECO "D14"]
[WhiteElo "2320"]
[BlackElo "2337"]
[Annotator "RC"]
[PlyCount "30"]
[EventDate "2024.03.26"]
[EventType "tourn"]
[EventCountry "USA"]
[SourceTitle "playchess.com"]
[Source "ChessBase"]
[SourceQuality "1"]
[TimeControl "5400+30"]

1. d4 d5 2. c4 c6 3. cxd5 cxd5 4. Nf3 Nc6 5. Nc3 Nf6 6. Bf4 Bf5 7. e3 e6 8. Bd3 Bxd3 9. Qxd3 Bd6 10. Bxd6 Qxd6 11. O-O O-O 12. Rfc1 Rfc8 13. a3 Na5 14. Ne2 Nc4 15. Rc2 Nb6 1/2-1/2

[Event "1000GM Spring IM-C 2024"]
[Site "New York"]
[Date "2024.03.28"]
[Round "2.3"]
[White "Atwell, Rose"]
[Black "Shundi, Matias"]
[Result "1/2-1/2"]
[ECO "B51"]
[WhiteElo "2285"]
[BlackElo "2191"]
[Annotator "RC"]
[PlyCount "46"]
[EventDate "2024.03.26"]
[EventType "tourn"]
[EventCountry "USA"]
[SourceTitle "playchess.com"]
[Source "ChessBase"]
[SourceQuality "1"]
[TimeControl "5400+30"]

1. e4 c5 2. Nf3 d6 3. Bb5+ Nd7 4. c3 Ngf6 5. Qe2 a6 6. Ba4 b5 7. Bc2 Bb7 8. d4 g6 9. e5 Bxf3 10. gxf3 Nh5 11. exd6 cxd4 12. cxd4 e6 13. a4 Bxd6 14. axb5 axb5 15. Rxa8 Qxa8 16. Nc3 b4 17. Nb5 Qb8 18. d5 e5 19. Bh6 Bf8 20. Be3 Bc5 21. Bh6 Bf8 22. Be3 Bc5 23. Bh6 Bf8 1/2-1/2

[Event "1000GM Spring IM-C 2024"]
[Site "New York"]
[Date "2024.03.28"]
[Round "2.4"]
[White "Tang, Zoey"]
[Black "Savanovic, Aleksandar"]
[Result "0-1"]
[ECO "D37"]
[WhiteElo "2253"]
[BlackElo "2361"]
[Annotator "RC"]
[PlyCount "84"]
[EventDate "2024.03.26"]
[EventType "tourn"]
[EventCountry "USA"]
[SourceTitle "playchess.com"]
[Source "ChessBase"]
[SourceQuality "1"]
[TimeControl "5400+30"]

1. d4 Nf6 2. c4 e6 3. Nf3 d5 4. Nc3 Be7 5. Bf4 O-O 6. e3 c5 7. dxc5 Bxc5 8. a3 Nc6 9. Qc2 Qa5 10. Rd1 Be7 11. h3 a6 12. Nd2 e5 13. Bg5 d4 14. Nb3 Qd8 15. Bxf6 Bxf6 16. Bd3 g6 17. exd4 Nxd4 18. Nxd4 exd4 19. Ne2 Be6 20. O-O Rc8 21. f4 b5 22. c5 Bd5 23. b4 Re8 24. f5 g5 25. Ng3 Re3 26. Ne4 Bxe4 27. Bxe4 Rxa3 28. Rd3 Ra4 29. Rb3 a5 30. Rfb1 Rxb4 31. Rxb4 axb4 32. Rxb4 Qa5 33. Rb1 d3 34. Bxd3 b4 35. Qc4 Rxc5 36. Qe4 b3 37. Rxb3 Rc1+ 38. Bf1 Qc5+ 39. Kh2 Rxf1 40. Re3 Qd6+ 41. g3 Qd2+ 42. Re2 Rf2+ 0-1

[Event "1000GM Spring IM-C 2024"]
[Site "New York"]
[Date "2024.03.28"]
[Round "2.5"]
[White "Yang, Qindong"]
[Black "Tanenbaum, Zachary"]
[Result "1-0"]
[ECO "A29"]
[WhiteElo "2234"]
[BlackElo "2260"]
[Annotator "RC"]
[PlyCount "81"]
[EventDate "2024.03.26"]
[EventType "tourn"]
[EventCountry "USA"]
[SourceTitle "playchess.com"]
[Source "ChessBase"]
[SourceQuality "1"]
[TimeControl "5400+30"]

1. c4 e5 2. g3 Nf6 3. Bg2 Bc5 4. Nc3 O-O 5. Nf3 d6 6. O-O Nc6 7. e3 a6 8. d4 Ba7 9. h3 h6 10. a3 exd4 11. exd4 Ne7 12. b3 c6 13. Ra2 Be6 14. Rd2 Ng6 15. Bb2 Re8 16. Kh2 Rc8 17. d5 cxd5 18. Nxd5 Bxd5 19. cxd5 Ne4 20. Re2 Rc7 21. Qa1 Rce7 22. Rc2 f6 23. Nd4 Bxd4 24. Bxd4 Nc5 25. Bxc5 dxc5 26. Rxc5 Qd6 27. Rc4 Re2 28. Qc1 Ne5 29. Rc8 Nd3 30. Qc3 Rxc8 31. Qxc8+ Kf7 32. Qc4 Rd2 33. Qc3 Rxf2 34. Qxd3 Ra2 35. b4 h5 36. h4 b5 37. Re1 Kg8 38. Qg6 Rxg2+ 39. Kxg2 Qxd5+ 40. Qe4 Qa2+ 41. Re2 1-0

[Event "1000GM Spring IM-C 2024"]
[Site "New York"]
[Date "2024.03.29"]
[Round "3.1"]
[White "Tanenbaum, Zachary"]
[Black "Pang, Qi"]
[Result "1/2-1/2"]
[ECO "C50"]
[WhiteElo "2260"]
[BlackElo "2195"]
[Annotator "RC"]
[PlyCount "49"]
[EventDate "2024.03.26"]
[EventType "tourn"]
[EventCountry "USA"]
[SourceTitle "playchess.com"]
[Source "ChessBase"]
[SourceQuality "1"]
[TimeControl "5400+30"]

1. e4 e5 2. Nf3 Nc6 3. Bc4 Bc5 4. d3 Nf6 5. Nc3 h6 6. O-O O-O 7. h3 d6 8. Na4 Bb6 9. a3 Re8 10. Re1 Be6 11. Bxe6 Rxe6 12. b4 Nd4 13. Nxd4 Bxd4 14. c3 Bb6 15. Bb2 c6 16. Nxb6 Qxb6 17. c4 Rae8 18. d4 exd4 19. Bxd4 Qa6 20. Bxf6 Rxf6 21. Qd4 Rfe6 22. Re3 c5 23. bxc5 dxc5 24. Qxc5 Rxe4 25. Rae1 1/2-1/2

[Event "1000GM Spring IM-C 2024"]
[Site "New York"]
[Date "2024.03.29"]
[Round "3.2"]
[White "Savanovic, Aleksandar"]
[Black "Yang, Qindong"]
[Result "1/2-1/2"]
[ECO "B96"]
[WhiteElo "2361"]
[BlackElo "2234"]
[Annotator "RC"]
[PlyCount "57"]
[EventDate "2024.03.26"]
[EventType "tourn"]
[EventCountry "USA"]
[SourceTitle "playchess.com"]
[Source "ChessBase"]
[SourceQuality "1"]
[TimeControl "5400+30"]

1. e4 c5 2. Nf3 d6 3. d4 cxd4 4. Nxd4 Nf6 5. Nc3 a6 6. Bg5 e6 7. f4 h6 8. Bh4 Qb6 9. Qd2 Qxb2 10. Rb1 Qa3 11. f5 Be7 12. fxe6 fxe6 13. Bc4 Nxe4 14. Nxe4 Bxh4+ 15. g3 Bg5 16. Nxg5 hxg5 17. O-O Qc5 18. Bxe6 Bxe6 19. Rbe1 Rh6 20. Rf5 Qc4 21. Qe3 Kd7 22. Rxg5 Nc6 23. Rxg7+ Bf7 24. Nxc6 Kxc6 25. Qxh6 Qd4+ 26. Kg2 Qd5+ 27. Kg1 Qd4+ 28. Kg2 Qd5+ 29. Kg1 1/2-1/2

[Event "1000GM Spring IM-C 2024"]
[Site "New York"]
[Date "2024.03.29"]
[Round "3.3"]
[White "Shundi, Matias"]
[Black "Tang, Zoey"]
[Result "1/2-1/2"]
[ECO "B22"]
[WhiteElo "2191"]
[BlackElo "2253"]
[Annotator "RC"]
[PlyCount "228"]
[EventDate "2024.03.26"]
[EventType "tourn"]
[EventCountry "USA"]
[SourceTitle "playchess.com"]
[Source "ChessBase"]
[SourceQuality "1"]
[TimeControl "5400+30"]

1. e4 c5 2. c3 Nf6 3. e5 Nd5 4. Nf3 d6 5. Bb5+ Bd7 6. Bc4 e6 7. d4 dxe5 8. Nxe5 Nc6 9. O-O Nxe5 10. dxe5 Bc6 11. Re1 Be7 12. Bf1 Bg5 13. Nd2 Bxd2 14. Bxd2 Qc7 15. Qg4 h5 16. Qc4 Qe7 17. b4 cxb4 18. cxb4 a6 19. a4 O-O 20. b5 Bd7 21. Qe4 f5 22. exf6 Qxf6 23. f3 axb5 24. Bd3 g6 25. a5 Kh7 26. h4 Bc6 27. Bg5 Qg7 28. Qe5 Rfe8 29. Qe2 e5 30. Rec1 e4 31. Bxe4 Nc3 32. Qb2 b4 33. Re1 Nxe4 34. Qxg7+ Kxg7 35. fxe4 Bxe4 36. Ra4 Bc6 37. Rxe8 Rxe8 38. Rxb4 Re2 39. Kf1 Rxg2 40. Rb6 Ra2 41. a6 Bg2+ 42. Kg1 bxa6 43. Rd6 Be4 44. Rd7+ Kg8 45. Re7 Bf5 46. Bf6 a5 47. Ra7 a4 48. Kf1 a3 49. Be7 Ra1+ 50. Ke2 a2 51. Bf6 Rh1 52. Ke3 Be6 53. Kf4 Rg1 54. Ke4 Bb3 55. Kd3 Rf1 56. Bb2 Kf8 57. Be5 Rd1+ 58. Ke2 Rh1 59. Bf6 Bc4+ 60. Ke3 Rf1 61. Be5 Ke8 62. Bd4 Bd5 63. Bb2 Rb1 64. Bc3 Rd1 65. Bf6 Rf1 66. Bb2 Kd8 67. Kd4 Bb3 68. Kc5 Re1 69. Kd6 Re6+ 70. Kc5 Re2 71. Bd4 Ke8 72. Ra3 Bg8 73. Ra7 Re4 74. Bf6 Bb3 75. Rb7 Re1 76. Rxb3 a1=Q 77. Bxa1 Rxa1 78. Rb7 Kf8 79. Kd6 Re1 80. Kd5 Kg8 81. Ra7 Re2 82. Rb7 Rh2 83. Rb4 Kg7 84. Ke5 Rg2 85. Rc4 Kh6 86. Ra4 Rf2 87. Rf4 Re2+ 88. Re4 Ra2 89. Kf4 Kg7 90. Rb4 Rf2+ 91. Kg3 Re2 92. Rf4 Re3+ 93. Kg2 Rd3 94. Kh2 Rd5 95. Kg3 Rf5 96. Ra4 Rf1 97. Rf4 Rg1+ 98. Kf2 Ra1 99. Kg3 g5 100. hxg5 Kg6 101. Rb4 Rg1+ 102. Kh3 Kxg5 103. Rb5+ Kg6 104. Rb6+ Kg5 105. Rb5+ Kf4 106. Rb4+ Kf3 107. Rb3+ Ke2 108. Rb2+ Kd3 109. Rb3+ Kc4 110. Rg3 Rh1+ 111. Kg2 Ra1 112. Rg5 h4 113. Rg4+ Kd5 114. Rxh4 Ra2+ 1/2-1/2

[Event "1000GM Spring IM-C 2024"]
[Site "New York"]
[Date "2024.03.29"]
[Round "3.4"]
[White "Yudasin, Leonid"]
[Black "Atwell, Rose"]
[Result "1-0"]
[ECO "C55"]
[WhiteElo "2337"]
[BlackElo "2285"]
[Annotator "RC"]
[PlyCount "89"]
[EventDate "2024.03.26"]
[EventType "tourn"]
[EventCountry "USA"]
[SourceTitle "playchess.com"]
[Source "ChessBase"]
[SourceQuality "1"]
[TimeControl "5400+30"]

1. e4 e5 2. Bc4 Nf6 3. d3 Nc6 4. Nf3 Be7 5. O-O d6 6. c3 Be6 7. Nbd2 Qd7 8. Re1 O-O 9. a4 a5 10. Bb5 Qc8 11. Nf1 Nd8 12. d4 c6 13. Bd3 Nd7 14. Ne3 f6 15. Bc4 Bxc4 16. Nxc4 Nf7 17. Ne3 Re8 18. b3 Nf8 19. Ba3 Ne6 20. d5 Nf4 21. g3 Nh3+ 22. Kg2 Nhg5 23. Nxg5 fxg5 24. h3 g6 25. Qd3 c5 26. Qb5 Rf8 27. b4 cxb4 28. cxb4 Qc3 29. bxa5 Nd8 30. Qb4 Qc7 31. Nc4 Nf7 32. Rac1 Qd8 33. Qxb7 Rb8 34. Qc6 Rc8 35. Qb6 Qd7 36. Qb5 Qa7 37. Nb6 Rb8 38. Rc6 g4 39. hxg4 Ng5 40. Re3 Rf6 41. Rc8+ Kg7 42. Rxb8 Qxb8 43. Nd7 Qxb5 44. axb5 Rf7 45. a6 1-0

[Event "1000GM Spring IM-C 2024"]
[Site "New York"]
[Date "2024.03.29"]
[Round "3.5"]
[White "Andrews, Todd"]
[Black "Lekic, Dusan"]
[Result "0-1"]
[ECO "C84"]
[WhiteElo "2160"]
[BlackElo "2320"]
[Annotator "RC"]
[PlyCount "88"]
[EventDate "2024.03.26"]
[EventType "tourn"]
[EventCountry "USA"]
[SourceTitle "playchess.com"]
[Source "ChessBase"]
[SourceQuality "1"]
[TimeControl "5400+30"]

1. e4 e5 2. Nf3 Nc6 3. Bb5 a6 4. Ba4 Nf6 5. O-O Be7 6. d4 exd4 7. Re1 b5 8. Bb3 d6 9. Bd5 Nxd5 10. exd5 Ne5 11. Nxd4 Bg4 12. f3 Bd7 13. f4 Ng6 14. Nc3 O-O 15. Nc6 Bxc6 16. dxc6 Bh4 17. g3 Bf6 18. Nd5 Ne7 19. Nxf6+ gxf6 20. Qg4+ Kh8 21. b3 Nxc6 22. Bb2 d5 23. Rad1 d4 24. c3 Qd5 25. c4 bxc4 26. bxc4 Qc5 27. Qh4 Kg7 28. Qg4+ Kh8 29. f5 Rfe8 30. Re4 Rxe4 31. Qxe4 Rb8 32. Bc1 d3+ 33. Kg2 Ne5 34. Bh6 Rd8 35. Qh4 Qc6+ 36. Kh3 Rg8 37. Rb1 Nf3 38. Qh5 Ng5+ 39. Bxg5 fxg5 40. Qg4 h6 41. Qd4+ Kh7 42. f6 Rg6 43. Rf1 g4+ 44. Kh4 Qg2 0-1

[Event "1000GM Spring IM-C 2024"]
[Site "New York"]
[Date "2024.03.29"]
[Round "4.1"]
[White "Pang, Qi"]
[Black "Lekic, Dusan"]
[Result "1/2-1/2"]
[ECO "D00"]
[WhiteElo "2195"]
[BlackElo "2320"]
[Annotator "RC"]
[PlyCount "36"]
[EventDate "2024.03.26"]
[EventType "tourn"]
[EventCountry "USA"]
[SourceTitle "playchess.com"]
[Source "ChessBase"]
[SourceQuality "1"]
[TimeControl "5400+30"]

1. Nf3 d5 2. d4 Nf6 3. Bg5 c5 4. e3 Nc6 5. Bxf6 gxf6 6. c3 e5 7. dxe5 fxe5 8. e4 dxe4 9. Qxd8+ Kxd8 10. Ng5 Ke7 11. Nxe4 b6 12. Ng3 f5 13. Bb5 Nd8 14. a4 Kf6 15. f3 h5 16. h4 Bd6 17. Kf2 Be6 18. Nd2 Nf7 1/2-1/2

[Event "1000GM Spring IM-C 2024"]
[Site "New York"]
[Date "2024.03.29"]
[Round "4.2"]
[White "Atwell, Rose"]
[Black "Andrews, Todd"]
[Result "0-1"]
[ECO "C01"]
[WhiteElo "2285"]
[BlackElo "2160"]
[Annotator "RC"]
[PlyCount "56"]
[EventDate "2024.03.26"]
[EventType "tourn"]
[EventCountry "USA"]
[SourceTitle "playchess.com"]
[Source "ChessBase"]
[SourceQuality "1"]
[TimeControl "5400+30"]

1. e4 e6 2. d4 d5 3. exd5 exd5 4. Nf3 Bd6 5. c4 Nf6 6. Nc3 h6 7. cxd5 O-O 8. Be2 Re8 9. O-O Nbd7 10. Bc4 Nb6 11. Bb3 Bg4 12. h3 Bh5 13. g4 Nxg4 14. hxg4 Bxg4 15. Qd3 Qf6 16. Ne5 Bxe5 17. dxe5 Rxe5 18. Qg3 Bf3 19. Bd1 Rf5 20. Bxf3 Rxf3 21. Qg4 Re8 22. Be3 Nc4 23. Ne4 Rxe4 24. Qxe4 Nxe3 25. fxe3 Qg5+ 26. Kh2 Rxe3 27. Qd4 Qg3+ 28. Kh1 Re2 0-1

[Event "1000GM Spring IM-C 2024"]
[Site "New York"]
[Date "2024.03.29"]
[Round "4.3"]
[White "Tang, Zoey"]
[Black "Yudasin, Leonid"]
[Result "1/2-1/2"]
[ECO "E15"]
[WhiteElo "2253"]
[BlackElo "2337"]
[Annotator "RC"]
[PlyCount "53"]
[EventDate "2024.03.26"]
[EventType "tourn"]
[EventCountry "USA"]
[SourceTitle "playchess.com"]
[Source "ChessBase"]
[SourceQuality "1"]
[TimeControl "5400+30"]

1. d4 Nf6 2. c4 e6 3. Nf3 b6 4. g3 Ba6 5. Qc2 Bb7 6. Bg2 c5 7. d5 exd5 8. cxd5 Nxd5 9. O-O Nc6 10. Rd1 Be7 11. Qf5 Nf6 12. Nc3 d6 13. e4 Qc8 14. Qf4 O-O 15. Nd5 Nxd5 16. exd5 Nb4 17. Nh4 g6 18. Bd2 Qd8 19. Bxb4 cxb4 20. Nf3 Bf6 21. Qxb4 Rc8 22. Nd4 Bxd4 23. Qxd4 Re8 24. h4 Qe7 25. Rac1 Rxc1 26. Rxc1 Rc8 27. Rxc8+ 1/2-1/2

[Event "1000GM Spring IM-C 2024"]
[Site "New York"]
[Date "2024.03.29"]
[Round "4.4"]
[White "Yang, Qindong"]
[Black "Shundi, Matias"]
[Result "1/2-1/2"]
[ECO "A04"]
[WhiteElo "2234"]
[BlackElo "2191"]
[Annotator "RC"]
[PlyCount "81"]
[EventDate "2024.03.26"]
[EventType "tourn"]
[EventCountry "USA"]
[SourceTitle "playchess.com"]
[Source "ChessBase"]
[SourceQuality "1"]
[TimeControl "5400+30"]

1. c4 g6 2. g3 c5 3. Bg2 Bg7 4. Nc3 Nc6 5. Nf3 e6 6. d4 cxd4 7. Nb5 d5 8. cxd5 exd5 9. O-O Nf6 10. Nbxd4 O-O 11. b3 Ne4 12. Bb2 Qb6 13. Rb1 Re8 14. e3 Bg4 15. Nxc6 bxc6 16. Bxg7 Kxg7 17. Qc2 a5 18. Nd2 Nxd2 19. Qxd2 Qb4 20. Qc1 Rac8 21. a3 Qd6 22. Qc3+ f6 23. Qxa5 Ra8 24. Qb4 Qxb4 25. axb4 Rab8 26. Rfc1 Rec8 27. Ra1 Rxb4 28. Ra7+ Kh6 29. Rf7 Rxb3 30. h3 Bf5 31. Rxf6 Rb1 32. Rxb1 Bxb1 33. Rf7 g5 34. g4 Kg6 35. Rd7 Kf6 36. f4 gxf4 37. exf4 h5 38. Kf2 hxg4 39. hxg4 Ke6 40. Rb7 Bc2 41. Ke3 1/2-1/2

[Event "1000GM Spring IM-C 2024"]
[Site "New York"]
[Date "2024.03.29"]
[Round "4.5"]
[White "Tanenbaum, Zachary"]
[Black "Savanovic, Aleksandar"]
[Result "1/2-1/2"]
[ECO "C50"]
[WhiteElo "2260"]
[BlackElo "2361"]
[Annotator "RC"]
[PlyCount "96"]
[EventDate "2024.03.26"]
[EventType "tourn"]
[EventCountry "USA"]
[SourceTitle "playchess.com"]
[Source "ChessBase"]
[SourceQuality "1"]
[TimeControl "5400+30"]

1. e4 e5 2. Nf3 Nc6 3. Bc4 Nf6 4. d3 Bc5 5. Nc3 d6 6. Na4 Bb6 7. a3 h6 8. h3 O-O 9. O-O Re8 10. b4 Be6 11. Bxe6 Rxe6 12. Bb2 Ne7 13. Nh4 c6 14. Nxb6 Qxb6 15. c4 Ng6 16. Nxg6 fxg6 17. c5 dxc5 18. Qb3 Rae8 19. Bxe5 Kh7 20. Bf4 cxb4 21. axb4 a6 22. Qc4 Qd8 23. Rad1 Qe7 24. Bc1 Re5 25. Be3 Nd7 26. f4 Rb5 27. Bd2 Nb6 28. Qd4 Rd8 29. Qe3 Na4 30. d4 Qd6 31. Be1 Nb2 32. Rc1 Na4 33. Rd1 a5 34. Ra1 Nb6 35. bxa5 Nc4 36. Qe2 Qxd4+ 37. Bf2 Qd3 38. Qxd3 Rxd3 39. a6 bxa6 40. Rxa6 Rb2 41. Rxc6 Nd6 42. e5 Ne4 43. Rb6 Ra2 44. e6 Nxf2 45. Rxf2 Rd1+ 46. Rf1 Rdd2 47. Re1 Rxg2+ 48. Kh1 Rh2+ 1/2-1/2

[Event "1000GM Spring IM-C 2024"]
[Site "New York"]
[Date "2024.03.30"]
[Round "5.1"]
[White "Savanovic, Aleksandar"]
[Black "Pang, Qi"]
[Result "1-0"]
[ECO "C69"]
[WhiteElo "2361"]
[BlackElo "2195"]
[Annotator "RC"]
[PlyCount "79"]
[EventDate "2024.03.26"]
[EventType "tourn"]
[EventCountry "USA"]
[SourceTitle "playchess.com"]
[Source "ChessBase"]
[SourceQuality "1"]
[TimeControl "5400+30"]

1. e4 e5 2. Nf3 Nc6 3. Bb5 a6 4. Bxc6 dxc6 5. O-O f6 6. d4 exd4 7. Nxd4 c5 8. Nb3 Qxd1 9. Rxd1 Be6 10. Bf4 c4 11. Nd4 O-O-O 12. Nc3 Bf7 13. Nf5 Re8 14. Kf1 g6 15. Ne3 Bc5 16. Ned5 c6 17. Nc7 Re7 18. Na4 Ba7 19. Na8 b5 20. N4b6+ Kb7 21. Rd8 Bxb6 22. Rb8+ Ka7 23. Nxb6 Be6 24. Nc8+ Bxc8 25. Rxc8 g5 26. Be3+ Kb7 27. Rf8 Rd7 28. Ke2 Kc7 29. Rd1 Rxd1 30. Kxd1 Kd6 31. b4 cxb3 32. cxb3 a5 33. Kc2 h5 34. f3 Ke6 35. Bb6 Ke7 36. Bc5+ Ke6 37. Kd3 Kd7 38. a3 Ke6 39. g3 Kd7 40. f4 1-0

[Event "1000GM Spring IM-C 2024"]
[Site "New York"]
[Date "2024.03.30"]
[Round "5.2"]
[White "Shundi, Matias"]
[Black "Tanenbaum, Zachary"]
[Result "0-1"]
[ECO "C63"]
[WhiteElo "2191"]
[BlackElo "2260"]
[Annotator "RC"]
[PlyCount "124"]
[EventDate "2024.03.26"]
[EventType "tourn"]
[EventCountry "USA"]
[SourceTitle "playchess.com"]
[Source "ChessBase"]
[SourceQuality "1"]
[TimeControl "5400+30"]

1. e4 e5 2. Nf3 Nc6 3. Bb5 f5 4. d3 fxe4 5. dxe4 Nf6 6. O-O d6 7. Bc4 Bg4 8. h3 Bh5 9. Nc3 Be7 10. Be3 Qd7 11. Re1 h6 12. Be2 Bf7 13. Rb1 O-O 14. b4 Be6 15. Qc1 Qe8 16. Rd1 Qf7 17. a4 a5 18. b5 Nb4 19. Kh2 Rfc8 20. Rg1 c6 21. b6 Qg6 22. Nh4 Qh7 23. g4 Nxe4 24. Nxe4 Qxe4 25. Nf5 Bf8 26. Rxb4 Qxb4 27. c4 d5 28. c5 d4 29. Bxh6 d3 30. Bxg7 Bxg7 31. Nxg7 d2 32. Qc2 Kxg7 33. g5 Qf4+ 34. Rg3 Qxf2+ 35. Rg2 Qf4+ 36. Kg1 Bd5 37. Bh5 Qe4 38. Qxe4 d1=Q+ 39. Bxd1 Bxe4 40. Re2 Bf3 41. Rxe5 Bxd1 42. Re7+ Kg6 43. Rxb7 Bxa4 44. Rd7 Rd8 45. b7 Rab8 46. Rc7 Rd1+ 47. Kh2 Rb1 48. Rc8 R1xb7 49. Rxb8 Rxb8 50. Kg3 Kxg5 51. h4+ Kf5 52. h5 Bc2 53. h6 Kg6 54. h7 Kxh7 55. Kf4 Re8 56. Kg5 Rf8 57. Kh5 a4 58. Kg5 a3 59. Kh5 a2 60. Kg5 a1=Q 61. Kh5 Rg8 62. Kh4 Qh1# 0-1

[Event "1000GM Spring IM-C 2024"]
[Site "New York"]
[Date "2024.03.30"]
[Round "5.3"]
[White "Yudasin, Leonid"]
[Black "Yang, Qindong"]
[Result "1/2-1/2"]
[ECO "B51"]
[WhiteElo "2337"]
[BlackElo "2234"]
[Annotator "RC"]
[PlyCount "38"]
[EventDate "2024.03.26"]
[EventType "tourn"]
[EventCountry "USA"]
[SourceTitle "playchess.com"]
[Source "ChessBase"]
[SourceQuality "1"]
[TimeControl "5400+30"]

1. e4 c5 2. Nf3 d6 3. Bb5+ Nd7 4. d4 cxd4 5. Qxd4 a6 6. Bxd7+ Bxd7 7. c4 e5 8. Qd3 b5 9. Nc3 bxc4 10. Qxc4 h6 11. O-O Nf6 12. Qd3 Be7 13. Nd2 Be6 14. Nc4 Qc7 15. Ne3 O-O 16. b3 Rfc8 17. Ncd5 Nxd5 18. Nxd5 Bxd5 19. Qxd5 Qc6 1/2-1/2